 Dungeon Crawl Stone Soup version 0.30-a0-840-ga523dec638 (webtiles) character file.

Game seed: 2850931315476427787

3198 Esekla the Covert (level 9, -5/91 HPs)
             Began as an Octopode Delver on Mar 1, 2023.
             Was an Initiate of Gozag.
             Slain by a centaur warrior
             ... wielding a +0 scimitar
              (9 damage)
             ... on level 8 of the Dungeon on Mar 2, 2023.
             The game lasted 00:58:41 (8288 turns).

Esekla the Covert (Octopode Delver)                 Turns: 8288, Time: 00:58:41

Health: -5/91      AC: 24    Str: 12    XL:     9   Next: 96%
Magic:  8/17       EV:  2    Int: 16    God:    Gozag
Gold:   810        SH:  0    Dex: 13    Spells: 5/18 levels left

rFire   . . .      SeeInvis .    a - +0 long sword
rCold   . . .      Faith    .    (no shield)
rNeg    . . .      Spirit   .    (helmet currently unavailable)
rPois   +          Reflect  .    (no amulet)
rElec   .          Harm     .    v - ring of flight
rCorr   .          Rampage  .    (no ring)
Will    .....      NoTele   +    (no ring)
Stlth   ++++                     (no ring)
HPRegen 0.35/turn                (no ring)
MPRegen 0.15/turn                (no ring)
                                 (no ring)
                                 (no ring)

@: tree-form
A: stationary, stasis, torment immunity, boosted hp, almost no armour,
(amphibious), 8 rings, (camouflage 1), (gelatinous body 1), (nimble swimmer 1),
(tentacles)
a: Renounce Religion, Potion Petition, Call Merchant, Bribe Branch


You were on level 8 of the Dungeon.
You worshipped Gozag.
Gozag was pleased with you.
You were a tree.
You visited 2 branches of the dungeon, and saw 9 of its levels.

You collected 1392 gold pieces.
You spent 60 gold pieces at shops.
You paid 522 gold pieces to Gozag.

Inventory:

Hand Weapons
 a - a +0 long sword (weapon)
 r - a +0 spear of freezing
 s - a +0 dagger
 G - the +6 short sword "Ynnumite" {protect, rElec Stlth+}
   (You took it off Joseph on level 7 of the Dungeon)

   rElec:     It insulates you from electricity.
   Stlth:     It makes you more stealthy.
Missiles
 D - a poisoned dart (quivered)
Armour
 B - a +0 buckler
Jewellery
 v - a ring of flight (left branch)
Wands
 f - a wand of digging (3)
 g - a wand of mindburst (16)
 z - a wand of iceblast (5)
 A - a wand of flame (5)
 F - a wand of charming (6)
Scrolls
 b - 3 scrolls of fog
 j - a scroll of noise {unknown}
 l - 2 scrolls of amnesia {unknown}
 n - a scroll of silence {unknown}
 p - 5 scrolls of teleportation
 q - a scroll of enchant weapon {unknown}
 t - a scroll of poison {unknown}
 u - 2 scrolls of enchant armour {unknown}
 w - a scroll of vulnerability {unknown}
 x - a scroll of torment {unknown}
 y - a scroll of blinking {unknown}
 E - a scroll of identify
Potions
 c - a potion of lignification
 e - a potion of haste
 h - a potion of might
 i - 4 potions of curing
 k - 3 potions of berserk rage
 m - 3 potions of attraction
 o - a potion of ambrosia
 C - 2 potions of flight


   Skills:
 + Level 5.2 Fighting
 + Level 0.9(3.3) Short Blades
 + Level 5.1 Long Blades
 + Level 1.2 Throwing
 * Level 4.2 Dodging
 - Level 8.2 Stealth
 * Level 2.0 Shields
 * Level 5.4 Spellcasting
 * Level 3.0 Conjurations
 + Level 3.1 Transmutations
 * Level 2.9 Ice Magic
 + Level 4.3 Air Magic
 + Level 4.3 Poison Magic
 + Level 0.1 Evocations


You had 5 spell levels left.
You knew the following spells:

 Your Spells              Type           Power      Damage    Failure   Level
a - Ozocubu's Armour      Ice            13%        N/A       13%         3
c - Mephitic Cloud        Conj/Pois/Air  16%        N/A       9%          3
q - Swiftness             Air            18%        N/A       8%          3
v - Poisonous Vapours     Pois/Air       36%        N/A       3%          2
w - Wereblood             Tmut           14%        N/A       6%          2

Your spell library contained the following spells:

 Spells                   Type           Power      Damage    Failure   Level
 Shock                    Conj/Air       64%        1d7       3%          1
 Sting                    Tmut/Pois      64%        1d6       3%          1
 Magic Dart               Conj           56%        1d5       4%          1
 Ignite Poison            Fire/Tmut/Pois 12%        N/A       16%         3
 Call Imp                 Summ           4%         N/A       22%         2
 Sublimation of Blood     Necr           4%         N/A       22%         2
 Airstrike                Air            9%         2d(2-18)  24%         4
 Olgreb's Toxic Radiance  Pois           18%        N/A       24%         4
 Sticky Flame             Conj/Fire      9%         2d3       61%         4
 Metabolic Englaciation   Hex/Ice        4%         N/A       92%         5
 Summon Hydra             Summ           2%         N/A       100%        7
 Ignition                 Fire           2%         3d3       100%        8
 Simulacrum               Ice/Necr       Unusable   N/A       N/A         6

Dungeon Overview and Level Annotations

Branches:
Dungeon (8/15)             Temple (1/1) D:5
   Lair: D:8-11

Altars:
Ashenzari
Cheibriados
Dithmenos
Elyvilon
Fedhas
Gozag
Hepliaklqana
Makhleb
Nemelex Xobeh
Okawaru
Qazlal
Ru
Sif Muna
Trog
Uskayaw
Vehumet
Wu Jian
Yredelemnul
Zin
The Shining One

Shops:
D:6 *

Annotations:
D:5 2 transporters, ice beast, Nabski's ghost, novice TeFE


Innate Abilities, Weirdness & Mutations

You are a tree.
Your roots penetrate the ground, keeping you stationary.
You cannot be teleported.
You are immune to unholy pain and torment.
Your maximum health is greatly increased.
You cannot wear most types of armour.
((You are amphibious.))
You can wear up to eight rings at the same time.
((Your skin changes colour to match your surroundings (Stealth+).))
((Your rubbery body absorbs attacks. (AC +1, EV +1)))
((You are camouflaged when in or above water. (Stealth+)))
((You have tentacles for arms and can constrict up to eight enemies at once.))


Message History

The kobold brigand hits you with a +2 short sword of freezing.
The kobold brigand freezes you.
The centaur warrior is engulfed in noxious fumes.
A killer bee comes into view.
Okay, then.
The centaur warrior unwields a +0 shortbow.
The centaur warrior wields a +0 scimitar.
The centaur warrior hits you with a +0 scimitar!!
* * * LOW HITPOINT WARNING * * *
The centaur warrior closely misses you. The centaur warrior barely misses you.
The centaur warrior kicks you.
* * * LOW HITPOINT WARNING * * *
Items here: $ ( )))).
Okay, then.
Unknown command.
Unknown command.
Okay, then.
Really quaff the potion of lignification?
You turn into a tree.
Your roots penetrate the ground.
The kobold brigand hits you but does no damage.
The centaur warrior hits you but does no damage.
The centaur warrior kicks you.
* * * LOW HITPOINT WARNING * * *
You feel better.
The centaur warrior hits you but does no damage.
The centaur warrior kicks you but does no damage.
The kobold brigand hits you with a +2 short sword of freezing.
* * * LOW HITPOINT WARNING * * *
The kobold brigand freezes you.
* * * LOW HITPOINT WARNING * * *
The centaur warrior hits you but does no damage.
The centaur warrior kicks you but does no damage.
You feel better.
The kobold brigand hits you with a +2 short sword of freezing.
* * * LOW HITPOINT WARNING * * *
The kobold brigand freezes you.
* * * LOW HITPOINT WARNING * * *
The centaur warrior hits you with a +0 scimitar!
You die...
Your body crumbles into a pile of gold.

.##.).#######...*#,***,,,* *****,
#.####.......####.** *,,,***,,,,,
##...............####**,,*,,,,,,,
.....)..............,**,,*,,,,,,,
......####.##...$..,,,,,,,,,,,,,,
.######**#.###.#..####y.,,,,,,,,∩
## #..,,....#°#y$.....#**,,,,,,,
#.#**#.#.#.cK#***,,,****,*,,, #.#
#.#.###♣#**,,,,,****,*,* # #.#
##.#.###.#*,,,,,,,****,,,
#####.###).......#,,,,,,,,,****,,
.....)...........+,,,,,,,,,+,,,,,
#########.#...####,,,,,,,,,****,,
# #.##.## **,,,,,,,** *,, #.####
**,,,,,** *,* *#.#* **,,,** *,*
**...** **+** *,,


You could see a centaur warrior, a kobold brigand and a killer bee.

Vanquished Creatures
  Joseph (D:7)
  Maggie (D:6)
  Grinder (D:5)
  Prince Ribbit (D:5)
  Sigmund (D:5)
  Edmund (D:5)
  An orc warrior (D:6)
  A sky beast (D:7)
  A black bear (D:6)
  2 ogres
  2 bullfrogs
  3 necrophages
  2 gnoll sergeants
  2 scorpions
  A killer bee (D:8)
  A howler monkey (D:6)
  A gnoll bouda (D:6)
  2 jellies
  7 orc priests
  2 hounds (D:6)
  2 iguanas
  5 orc wizards
  14 gnolls
  11 adders
  A shadow imp (D:7)
  A white imp (D:7)
  An ufetubus (D:7)
  2 worms
  A dart slug (D:1)
  18 orcs
  4 bats
  5 endoplasms
  3 giant cockroaches
  13 goblins
  6 hobgoblins
  7 jackals
  5 quokkas
  5 ball pythons
  2 frilled lizards (D:2)
  14 kobolds
  9 rats
163 creatures vanquished.

Vanquished Creatures (others)
  6 plants (D:5)
6 creatures vanquished.

Grand Total: 169 creatures vanquished

Notes
Turn   | Place    | Note
-------+----------+-------------------------------------------
     0 | D:5      | Esekla the Octopode Delver began the quest for the Orb.
     0 | D:5      | Reached XP level 1. HP: 16/16 MP: 1/1
    15 | D:5      | Noticed an iguana
    77 | D:5      | Found a transporter.
    87 | D:5      | Found a staircase to the Ecumenical Temple.
   138 | Temple   | Entered the Ecumenical Temple
   231 | D:5      | Noticed a scorpion
   293 | D:5      | Reached XP level 2. HP: 10/21 MP: 2/2
   296 | D:5      | Noticed an ice beast
   383 | D:5      | Noticed Edmund
   386 | D:5      | Noticed Nabski's ghost (novice TeFE)
   386 | D:5      | Noticed a black bear
   406 | D:5      | Noticed a gnoll sergeant
   412 | D:5      | Identified the +2 ring mail "Enneocec" {-Cast Will+++
                  | Dex+3}
   412 | D:5      | Noticed a gnoll sergeant
   437 | D:5      | Found a transporter.
   463 | D:5      | Noticed Prince Ribbit
   494 | D:5      | Reached skill level 7 in Stealth
   501 | D:5      | Reached XP level 3. HP: 26/26 MP: 3/3
   516 | D:5      | Learned a level 2 spell: Wereblood
   534 | D:5      | Reached skill level 1 in Spellcasting
   536 | D:5      | Noticed Grinder
   573 | D:5      | Noticed Sigmund
   622 | Temple   | Became a worshipper of Gozag Ym Sagoz the Greedy
   722 | D:5      | Killed a scorpion
   723 | D:5      | Reached XP level 4. HP: 28/31 MP: 4/6
   792 | D:5      | Reached skill level 1 in Air Magic
   792 | D:5      | Reached XP level 5. HP: 36/36 MP: 7/7
   815 | D:5      | Learned a level 3 spell: Swiftness
  1295 | D:1      | Learned a level 2 spell: Poisonous Vapours
  2344 | D:3      | Reached skill level 1 in Poison Magic
  2424 | D:3      | Found a faded altar of an unknown god.
  2539 | D:3      | Reached XP level 6. HP: 39/42 MP: 8/8
  2955 | D:4      | Reached skill level 1 in Transmutations
  3001 | D:4      | Reached skill level 8 in Stealth
  3850 | D:5      | HP: 2/42 [Prince Ribbit (14)]
  4022 | D:5      | Killed Prince Ribbit
  4023 | D:5      | Reached XP level 7. HP: 17/47 MP: 10/10
  4177 | D:5      | Killed Sigmund
  4178 | D:5      | Reached skill level 1 in Conjurations
  4184 | D:5      | Learned a level 3 spell: Mephitic Cloud
  4392 | D:4      | Reached XP level 8. HP: 54/54 MP: 12/12
  4497 | D:4      | Reached skill level 1 in Throwing
  4658 | D:5      | Killed Edmund
  4995 | D:5      | Killed Grinder
  4996 | D:5      | Reached skill level 1 in Ice Magic
  5007 | D:5      | Learned a level 3 spell: Ozocubu's Armour
  5093 | D:6      | Found a white marble altar of Elyvilon.
  5328 | D:6      | Found a sacrificial altar of Ru.
  5885 | D:6      | Reached skill level 5 in Fighting
  5887 | D:6      | Reached XP level 9. HP: 53/61 MP: 7/15
  6071 | D:6      | Noticed Maggie
  6337 | D:6      | Killed Maggie
  6425 | D:6      | Found a glowing golden altar of the Shining One.
  6425 | D:6      | Found an ornate altar of the Wu Jian Council.
  6425 | D:6      | Found a burning altar of Makhleb.
  6425 | D:6      | Found a sparkling altar of Nemelex Xobeh.
  6431 | D:6      | Found a broken altar of Ashenzari.
  6431 | D:6      | Found a bloodstained altar of Trog.
  6660 | D:6      | Bought a scroll of teleportation for 36 gold pieces
  6660 | D:6      | Bought a scroll of identify for 24 gold pieces
  6671 | D:7      | Found a basalt altar of Yredelemnul.
  6719 | D:7      | Found a stormy altar of Qazlal.
  6925 | D:7      | Reached skill level 1 in Shields
  7147 | D:7      | Found a snail-covered altar of Cheibriados.
  7242 | D:7      | Identified the +6 short sword "Ynnumite" {protect, rElec
                  | Stlth+}
  7242 | D:7      | Noticed Joseph
  7578 | D:7      | Reached skill level 5 in Spellcasting
  7799 | D:7      | Killed Joseph
  7800 | D:7      | Reached skill level 5 in Long Blades
  8282 | D:8      | Noticed a centaur warrior
  8285 | D:8      | HP: 3/61 [centaur warrior/+0 scimitar (4)]
  8288 | D:8      | Slain by a centaur warrior

Illustrated notes

Levels and vault maps discovered:
D:1:      beargit_arrival_diablo_church, layout_rooms
D:2:      cheibrodos_helix_gallery, layout_loops_corners
D:3:      layout_basic, basic_ecumenical_altar
D:4:      layout_cave_pools, grunt_ministairs_8, grunt_decor_cap
D:5:      layout_loops_ring, fiery_altar_vehumet, minmay_temple_entry_junction,
          gammafunk_ghost_gnarly_gnolls, uniq_sigmund, uniq_edmund,
          uniq_grinder, uniq_prince_ribbit1
D:6:      layout_rooms, minmay_overflow_temple_hex, elyvilon_altar_1,
          nicolae_ru_great_annihilating_truth, dreamdust_princess_corridor,
          uniq_maggie
D:7:      layout_rooms, yredelemnul_altar_generic,
          mainiacjoe_overflow_cross_hatched, mainiacjoe_overflow_brackets,
          uniq_joseph
D:8:      minmay_ornate_pinched, layout_loops_corners, enter_bailey_2
Temple:   hellmonk_temple_rainy

Skill      XL: |  1  2  3  4  5  6  7  8  9 |
---------------+----------------------------+-----
Stealth        | 7 8 |  8.2
Spellcasting   | 1 2 4 5 |  5.4
Air Magic      | 1 2 3 4 |  4.3
Poison Magic   | 1 2 3 4 |  4.3
Transmutations | 1 2 3 |  3.1
Long Blades    | 3 4 5 |  5.1
Conjurations   | 1 2 3 |  3.0
Fighting       | 4 5 |  5.2
Throwing       | 1 |  1.2
Dodging        | 3 4 |  4.2
Ice Magic      | 2 |  2.9
Shields        | 2 |  2.0
Short Blades   | |  0.9
Evocations     | |  0.1

Action                     |  1- 3 |  4- 6 |  7- 9 || total
---------------------------+-------+-------+-------++-------
  Melee: Falchion          |    28 |    90 |       ||   118
         Tentacles         |     6 |    18 |    52 ||    76
         Constrict         |     4 |    33 |    45 ||    82
         Dagger            |     2 |    27 |    62 ||    91
         Long sword        |       |    12 |   118 ||   130
         Punch             |       |     1 |     3 ||     4
  Throw: Dart              |       |     5 |     4 ||     9
   Cast: Wereblood         |       |     1 |     9 ||    10
         Poisonous Vapours |       |    16 |    39 ||    55
         Mephitic Cloud    |       |       |    26 ||    26
         Swiftness         |       |       |     1 ||     1
 Invoke: Call Merchant     |       |       |     1 ||     1
  Evoke: Wand              |       |       |     3 ||     3
    Use: Scroll            |     3 |       |     7 ||    10
         Potion            |     1 |     1 |     4 ||     6
   Stab: Sleeping          |     3 |    21 |     9 ||    33
         Distracted        |       |     2 |     1 ||     3
         Confused          |       |       |    20 ||    20
 Armour: Skin              |     4 |     9 |    10 ||    23
  Dodge: Dodged            |    23 |    68 |    76 ||   167

Table legend: (Time is in decaauts)
 A = Elapsed time spent in this place.
 B = Non-inter-level travel time spent in this place.
 C = Inter-level travel time spent in this place.
 D = Time resting spent in this place.
 E = Time spent auto-exploring this place.
 F = Levels seen in this place.
 G = Mean time per level.
                   A        B        C        D        E       F      G
               +--------+--------+--------+--------+--------+-----+--------+
         Total |   8299 |   8148 |    151 |   1894 |   1326 |   9 |  922.1 |
       Dungeon |   8260 |   8109 |    151 |   1894 |   1326 |   8 | 1032.5 |
        Temple |     38 |     38 |      0 |      0 |      0 |   1 |   38.0 |
               +--------+--------+--------+--------+--------+-----+--------+

Top non-repeatable levels by time:
     D:5: 2087 daAuts
     D:6: 1262 daAuts
     D:4: 1175 daAuts
     D:7: 1167 daAuts
     D:3: 941 daAuts
     D:2: 755 daAuts
     D:1: 555 daAuts
     D:8: 315 daAuts
  Temple: 38 daAuts
